Map: [ESL] Dragon Scales

Players

Spirit

  • Race: Terran Terran
  • Spawn Location: 11:00

GuMiho - Winner!

  • Race: Terran Terran
  • Spawn Location: 5:00

Event: ESL SC2 Masters 2023 Summer (Finals)

VOD

Have the link to the VOD?

Description

Time

  • Played on: June 17, 2023, 9:19 a.m.
  • Length: 9:50

All games in this series

Show
View Real Time Build Order
Export as new Build Order

Spirit Terran 

Build Orders:  

Get SALT Encoding   

  12  0:00  SCV  
  13  0:12  SCV  
  14  0:17  Supply Depot  
  14  0:24  SCV  
  15  0:38  SCV  
  15  0:39  Barracks  
  16  0:43  Refinery  
  16  0:50  SCV  
  16  0:52  Refinery  
  17  1:02  SCV  
  18  1:14  SCV  
  19  1:26  Barracks Reactor  
  19  1:27  Orbital Command  
  19  1:32  Supply Depot  
  19  1:40  Factory  
  19  1:52  SCV  
  20  2:04  SCV  
  20  2:05  Reaper  
  20  2:07  Reaper  
  23  2:16  SCV  
  24  2:25  Hellion  
  25  2:35  SCV, Command Center  
  26  2:37  Reaper  
  26  2:43  Supply Depot  
  27  2:47  SCV  
  28  2:53  Starport  
  28  2:57  Factory Tech Lab  
  28  2:59  SCV  
  29  3:11  SCV, Marine x2  
  32  3:17  Cyclone  
  35  3:23  SCV  
  36  3:31  Starport Tech Lab  
  36  3:35  SCV  
  37  3:45  Refinery  
  37  3:47  Orbital Command, SCV  
  38  3:49  Raven  
  38  3:51  Marine x2  
  42  3:59  SCV  
  43  4:06  Command Center  
  43  4:11  SCV  
  43  4:14  SCV  
  45  4:18  Siege Tank  
  45  4:24  SCV  
  49  4:26  Marine, Supply Depot  
  49  4:30  SCV  
  53  4:31  Raven  
  53  4:36  SCV  
  54  4:44  Supply Depot  
  54  4:47  SCV  
  54  4:48  SCV  
  54  4:49  Supply Depot  
  54  4:52  Siege Tank  
  59  4:53  Marine  
  59  4:54  Marine  
  59  4:59  SCV  
  62  5:05  SCV  
  63  5:07  Raven  
  63  5:11  SCV, Marine  
  63  5:13  Supply Depot  
  67  5:18  SCV, Marine  
  67  5:20  Orbital Command  
  69  5:26  Siege Tank  
  69  5:27  SCV  
  73  5:30  SCV  
  73  5:35  Supply Depot  
  75  5:39  SCV  
  75  5:42  SCV  
  76  5:45  Barracks  
  76  5:46  SCV  
  76  5:47  Barracks  
  76  5:51  SCV  
  76  5:53  Refinery  
  76  5:54  SCV  
  76  5:55  Viking x2  
  82  5:58  Stimpack  
  82  6:02  Orbital Command  
  82  6:03  SCV  
  83  6:04  Marine  
  83  6:06  SCV  
  83  6:08  Siege Tank  
  88  6:15  SCV  
  88  6:17  Engineering Bay x2  
  90  6:18  SCV  
  90  6:27  SCV x2  
  90  6:29  Viking  
  90  6:30  Viking, SCV  
  97  6:39  SCV x2  
  96  6:43  Barracks Reactor x2  
  96  6:45  SCV, Marine  
  93  6:51  SCV  
  93  6:52  SCV  
  94  6:57  SCV  
  96  7:03  Marine  
  96  7:04  SCV x2  
  94  7:09  SCV  
  94  7:13  Refinery, Engineering Bay  
  94  7:14  Bunker  
  95  7:16  SCV x2  
  95  7:19  Marine x2  
  95  7:20  Marine  
  95  7:21  SCV, Marine  
  102  7:23  Liberator  
  102  7:24  Liberator  
  102  7:29  SCV  
  108  7:33  Siege Tank, Supply Depot  
  108  7:34  SCV x2  
  108  7:35  Supply Depot  
  108  7:36  Marine  
  113  7:37  Marine  
  113  7:41  SCV, Terran Infantry Weapons Level 1  
  115  7:44  Refinery  
  115  7:46  SCV  
  115  7:48  Supply Depot  
  116  7:55  SCV  
  116  7:58  Marine x2  
  119  7:59  SCV  
  119  8:02  Marine, Combat Shield  
  119  8:04  Barracks  
  119  8:05  Barracks, SCV  
  122  8:08  SCV  
  122  8:10  Sensor Tower  
  122  8:11  Refinery, SCV  
  124  8:15  Marine  
  124  8:17  SCV  
  126  8:20  SCV  
  126  8:21  Marine x3  
  126  8:22  Supply Depot  
  126  8:23  Marine  
  126  8:24  Supply Depot  
  126  8:25  SCV  
  131  8:33  Marine  
  125  8:36  Siege Tank  
  125  8:39  Marine x2  
  130  8:47  Marine  
  124  8:49  Marine  
  124  8:51  Marine  
  111  8:58  Marine x2  
  111  8:59  SCV x3  
  109  9:05  Marine  
  109  9:06  Marine  
  109  9:08  Siege Tank  
  106  9:11  SCV x3  
  106  9:13  Marine  
  106  9:16  Barracks Reactor  
  106  9:17  Barracks Reactor  
  107  9:19  Marine  
  107  9:23  SCV  
  107  9:24  SCV x2  
  100  9:35  SCV  
  100  9:36  SCV  
Show
View Real Time Build Order
Export as new Build Order

GuMiho Terran - Winner!

Build Orders: Reaper Expand 

Get SALT Encoding   

  12  0:00  SCV  
  13  0:12  SCV  
  14  0:16  Supply Depot  
  14  0:24  SCV  
  15  0:38  SCV  
  15  0:39  Barracks  
  16  0:43  Refinery  
  16  0:50  SCV  
  17  1:02  SCV  
  18  1:14  SCV  
  19  1:26  Orbital Command, Reaper  
  20  1:37  Command Center  
  20  1:45  Supply Depot  
  20  1:52  SCV  
  21  1:58  Marine  
  22  2:03  Factory  
  22  2:05  SCV  
  23  2:09  Refinery  
  23  2:16  Marine  
  23  2:17  SCV  
  25  2:29  SCV  
  26  2:34  Marine  
  27  2:41  SCV  
  28  2:46  Factory Tech Lab  
  28  2:49  Starport  
  28  2:51  Orbital Command, Marine  
  28  2:53  SCV  
  30  3:05  SCV, Cyclone  
  34  3:09  Marine  
  35  3:14  Orbital Command, Supply Depot  
  35  3:17  SCV  
  36  3:25  Starport Tech Lab  
  36  3:26  Barracks  
  35  3:29  Barracks Reactor  
  35  3:30  SCV  
  36  3:37  Siege Tank  
  36  3:40  SCV  
  40  3:42  Bunker, SCV  
  41  3:49  Refinery  
  41  3:52  SCV  
  41  3:54  SCV, Banshee  
  46  4:04  SCV  
  46  4:05  Supply Depot  
  46  4:06  SCV  
  46  4:07  Marine x2  
  50  4:16  SCV, Supply Depot  
  51  4:18  Barracks Reactor, SCV  
  52  4:27  Siege Tank  
  52  4:28  SCV  
  52  4:30  SCV, Supply Depot  
  52  4:31  Marine x2  
  59  4:42  SCV  
  60  4:46  Command Center  
  60  4:51  SCV  
  61  4:54  SCV  
  62  5:01  Siege Tank  
  62  5:02  Supply Depot  
  62  5:03  SCV  
  62  5:04  Stimpack  
  62  5:06  SCV  
  67  5:09  Supply Depot  
  67  5:15  SCV, Medivac  
  67  5:17  Medivac  
  67  5:18  Marine x2  
  67  5:19  SCV  
  67  5:20  Marine  
  76  5:27  SCV  
  76  5:29  Refinery  
  76  5:31  SCV  
  77  5:35  Siege Tank  
  77  5:36  Marine x2  
  77  5:38  Marine  
  77  5:40  SCV  
  84  5:43  SCV  
  85  5:52  Medivac  
  85  5:53  SCV, Marine  
  85  5:54  Marine  
  85  5:55  SCV  
  85  5:56  Marine  
  92  6:01  Barracks x2  
  92  6:02  Orbital Command  
  92  6:04  Barracks  
  92  6:09  Engineering Bay  
  92  6:10  Engineering Bay  
  92  6:15  SCV  
  92  6:17  Marine x2, Supply Depot  
  92  6:18  Marine  
  96  6:23  SCV  
  97  6:26  Siege Tank  
  97  6:28  SCV  
  101  6:37  Marine x3  
  104  6:41  SCV x2  
  104  6:42  Terran Infantry Weapons Level 1, Terran Infantry Armor Level 1  
  104  6:46  Orbital Command  
  104  6:47  Combat Shield  
  103  6:48  Barracks Reactor x2  
  100  6:55  Marine x3  
  89  7:07  Siege Tank  
  88  7:08  Barracks Reactor  
  88  7:09  SCV x2  
  88  7:11  SCV  
  88  7:13  Marine x3  
  88  7:14  Medivac x2  
  97  7:19  Supply Depot x2  
  97  7:20  Supply Depot  
  97  7:22  SCV x2  
  99  7:26  SCV  
  99  7:27  Marine  
  99  7:28  Marine x3  
  104  7:30  Marine  
  104  7:31  Marine x2  
  104  7:32  Armory  
  104  7:36  SCV x2, Supply Depot  
  109  7:38  SCV  
  110  7:45  Marine x4, Siege Tank  
  110  7:48  Marine  
  110  7:50  SCV  
  119  7:53  Supply Depot  
  119  7:59  Marine x2  
  119  8:00  Marine x2  
  119  8:03  Marine x2  
  125  8:05  Command Center  
  125  8:06  Viking x2  
  125  8:09  Marine x3  
  132  8:13  Supply Depot  
  132  8:14  Supply Depot  
  132  8:17  Marine  
  133  8:20  Sensor Tower  
  133  8:25  Marine x2  
  135  8:29  Marine x4  
  135  8:30  Marine, Siege Tank  
  135  8:31  Marine  
  144  8:35  Marine  
  145  8:43  Marine  
  145  8:44  Marine  
  145  8:47  Marine x5  
  152  8:48  Marine  
  152  8:53  Marine  
  148  9:00  Marine  
  148  9:02  Medivac x2, Marine  
  151  9:05  Marine x5  
  151  9:06  Marine  
  153  9:11  SCV, Marine  
  144  9:18  Marine  
  144  9:19  Marine  
  144  9:21  SCV x2  
  144  9:23  Marine x5  
  149  9:24  Marine  
  149  9:28  Marine  
  149  9:29  Supply Depot  
  149  9:30  Supply Depot  
Tags
 
Add a new tag
Caveats
  • Supply blocks, unpowered buildings, or Contaminate may cause inaccurate times.
  • Supply counts are checked every 10 seconds.